 Dungeon Crawl Stone Soup version 0.27-b1-2-g8387495791 (webtiles) character file.

Game seed: 12902686987225580201

830 ZARRMARR the Purveyor of Pain (level 7, -6/52 HPs)
             Began as a Hill Orc Necromancer on July 25, 2021.
             Was an Initiate of Kikubaaqudgha.
             Mangled by a yak (12 damage)
             ... on level 5 of the Dungeon.
             The game lasted 01:02:42 (6540 turns).

ZARRMARR the Purveyor of Pain (HONe)                Turns: 6540, Time: 01:02:43

Health: -6/52      AC:  3    Str: 11    XL:     7   Next: 97%
Magic:  0/13       EV: 12    Int: 17    God:    Kikubaaqudgha [......]
Gold:   268        SH:  0    Dex: 11    Spells: 10/15 levels left

rFire    + . .     SeeInvis .   h - +3 dagger (venom)
rCold    . . .     Faith    .   (no shield)
rNeg     + . .     Spirit   .   a - +1 robe
rPois    .         Reflect  .   (no helmet)
rElec    .         Harm     .   (no cloak)
rCorr    .         Rampage  .   (no gloves)
Will     .....                  (no boots)
Stlth    ++........             (no amulet)
HPRegen  0.17/turn              m - ring of positive energy
MPRegen  0.13/turn              e - ring of protection from fire

@: mighty, brilliant
A: no striking features
a: Renounce Religion


You were on level 5 of the Dungeon.
You worshipped Kikubaaqudgha.
Kikubaaqudgha was noncommittal.
You visited 2 branches of the dungeon, and saw 7 of its levels.

You collected 268 gold pieces.

Inventory:

Hand Weapons
 h - a +3 dagger of venom (weapon)
Missiles
 b - 170 stones
 k - 6 poisoned darts (quivered)
Armour
 a - a +1 robe (worn)
 c - a +0 ring mail
 o - a +0 plate armour
Jewellery
 e - a ring of protection from fire (right hand)
 m - a ring of positive energy (left hand)
Scrolls
 l - a scroll of enchant weapon
 q - a scroll of enchant armour
Potions
 d - a potion of magic {unknown}
 f - a potion of might
 i - a potion of flight {unknown}
 n - a potion of cancellation {unknown}
 r - a potion of mutation {unknown}


   Skills:
 + Level 1.2 Fighting
 + Level 1.1 Short Blades
 + Level 1.1 Throwing
 + Level 2.4 Dodging
 + Level 2.0 Stealth
 + Level 4.5 Spellcasting
 + Level 6.7 Necromancy


You had 10 spell levels left.
You knew the following spells:

 Your Spells              Type           Power      Damage    Failure   Level
a - Pain                  Necr           100%       1d9       1%          1
b - Animate Skeleton      Necr           80%        N/A       1%          1
c - Vampiric Draining     Necr           20%        2d8       2%          3

Your spell library contained the following spells:

 Spells                   Type           Power      Damage    Failure   Level
 Animate Dead             Necr           20%        N/A       10%         4
 Agony                    Necr           40%        N/A       26%         5
 Summon Guardian Golem    Hex/Summ       5%         N/A       41%         3
 Orb of Destruction       Conj           2%         9d1       100%        7
 Spellforged Servitor     Conj/Summ      2%         N/A       100%        7


Dungeon Overview and Level Annotations

Branches:
Dungeon (6/15)             Temple (1/1) D:4

Altars:
Ashenzari
Cheibriados
Dithmenos
Elyvilon
Fedhas
Gozag
Hepliaklqana
Kikubaaqudgha
Makhleb
Nemelex Xobeh
Okawaru
Qazlal
Ru
Sif Muna
Trog
Uskayaw
Vehumet
Wu Jian
Xom
Yredelemnul
Zin
The Shining One


Message History

You feel a surge of power!
You miscast Vampiric Draining.
You are very lightly contaminated with residual magic.
Nothing appears to happen.
You kill the yak!
Kikubaaqudgha accepts your kill. The yak gores you! x2
* * * LOW HITPOINT WARNING * * *
The adder bites you.
* * * LOW HITPOINT WARNING * * *
Your magical contamination has completely faded away.
There is a stone staircase leading up here.
You can't go down here!
The yak gores you.
* * * LOW HITPOINT WARNING * * *
You climb upwards.
There is a stone staircase leading down here.
Okay, then.
Okay, then.
Casting: Vampiric Draining (dangerous; 2% risk of failure)
Confirm with . or Enter, or press ? or * to list all spells.
Aiming: Vampiric Draining (dangerous; 2% risk of failure)
Press: ? - help, Shift-Dir - straight line, f - yak
Aim: a yak You feel a surge of power!
You draw life force from the yak!
You feel life coursing into your body. The yak barely misses you.
Casting: Vampiric Draining (dangerous; 2% risk of failure)
Confirm with . or Enter, or press ? or * to list all spells.
Aiming: Vampiric Draining (dangerous; 2% risk of failure)
Press: ? - help, Shift-Dir - straight line, f/p - yak
Aim: a yak (moderately wounded)
You feel a surge of power!
You draw life force from the yak!
You feel life coursing into your body! The yak barely misses you.
You feel very mighty all of a sudden. The yak gores you!
* * * LOW HITPOINT WARNING * * *
You puncture the yak!
The yak is poisoned.
The yak is almost dead.
The yak gores you!
You die...
Kikubaaqudgha rasps: "You have failed me!
Welcome... death!"

#)##..#############.#
#.##..# #.# #..#..#
#.# ##.#..# #######.#
#.#..# #.......#
#.#..# #.#######
##### #....# #.######
#...########Y..#
#......#
#...##.......@.#
######.#
####...##.#######.#
#.# ........#...# #.#
#.# ####....#...#
###.# #.#
.....##.#...# #...#
###### #.#
###.......#####.###
#....# #.# #
#.<.....))....#
#.##.###.#
###.......#######
####.##.#...#
..........#
#.......#.###


You could see a yak (very poisoned).

Vanquished Creatures
  A yak (D:6)
  A water moccasin (D:5)
  An ice beast (D:3)
  A black bear (D:4)
  2 scorpions (D:5)
  A water moccasin skeleton (D:5)
  A hound (D:5)
  2 iguanas
  An orc wizard (D:3)
  2 adders
  An adder skeleton (D:4)
  A worm (D:5)
  A dart slug (D:1)
  11 orcs
  5 ball pythons
  5 bats
  5 endoplasms
  3 giant cockroaches
  5 goblins
  4 hobgoblins
  7 jackals
  11 quokkas
  4 frilled lizards
  9 kobolds
  3 rats
88 creatures vanquished.

Vanquished Creatures (collateral kills)
  An orc (D:3)
  An endoplasm (D:3)
  A hobgoblin (D:4)
  3 jackals (D:4)
  A rat (D:3)
7 creatures vanquished.

Grand Total: 95 creatures vanquished

Notes
Turn   | Place    | Note
-------+----------+-------------------------------------------
     0 | D:1      | ZARRMARR the Hill Orc Necromancer began the quest for the
                  | Orb.
     0 | D:1      | Reached XP level 1. HP: 14/14 MP: 3/3
   102 | D:1      | Learned a level 1 spell: Animate Skeleton
   712 | D:1      | Reached XP level 2. HP: 19/20 MP: 2/4
  1027 | D:1      | Found a faded altar of an unknown god.
  1844 | D:2      | Reached XP level 3. HP: 26/26 MP: 4/6
  2808 | D:2      | Reached XP level 4. HP: 32/33 MP: 5/7
  2960 | D:2      | Learned a level 3 spell: Vampiric Draining
  3535 | D:3      | Found a stormy altar of Qazlal.
  3537 | D:3      | Noticed a fire elemental
  3538 | D:3      | Noticed an air elemental
  3539 | D:3      | Noticed a water elemental
  3539 | D:3      | Noticed an earth elemental
  3848 | D:3      | Noticed an ice beast
  3856 | D:3      | Killed an ice beast
  3857 | D:3      | Reached skill level 5 in Necromancy
  3857 | D:3      | Reached XP level 5. HP: 28/39 MP: 0/9
  4155 | D:4      | Noticed a black bear
  4281 | D:4      | Killed a black bear
  4282 | D:4      | Reached XP level 6. HP: 29/46 MP: 3/11
  4633 | D:4      | Found a staircase to the Ecumenical Temple.
  4892 | Temple   | Entered the Ecumenical Temple
  5006 | Temple   | Became a worshipper of Ru the Awakened
  5021 | Temple   | Fell from the grace of Ru
  5021 | Temple   | Became a worshipper of Kikubaaqudgha
  5068 | D:5      | Entered Level 5 of the Dungeon
  5240 | D:5      | Reached skill level 1 in Short Blades
  5240 | D:5      | Reached XP level 7. HP: 48/51 MP: 8/12
  5291 | D:5      | Reached skill level 1 in Fighting
  5291 | D:5      | Reached skill level 1 in Throwing
  5537 | D:5      | Reached skill level 6 in Necromancy
  6507 | D:6      | Noticed a yak
  6510 | D:6      | Noticed a yak
  6510 | D:6      | Noticed a yak
  6511 | D:6      | Noticed a yak
  6514 | D:6      | Noticed a yak
  6514 | D:6      | Noticed a yak
  6522 | D:6      | Killed a yak
  6535 | D:6      | HP: 2/52 [yak (3)]
  6540 | D:5      | Mangled by a yak

Illustrated notes

Levels and vault maps discovered:
D:1:      mrwooster_arrival_statue, layout_loops_ring,
          shapermc_ecumenical_altar_notcrosses
D:2:      layout_basic, wad_orctagon
D:3:      layout_rooms, nicolae_qazlal_style_of_elements
D:4:      layout_rooms, minmay_temple_entry_trees,
          hangedman_abyss_or_decor_passed
D:5:      layout_basic
D:6:      minmay_clustersquares, layout_rooms, cheibrodos_sewer_entry_bend
Temple:   dpeg_three_leaves_temple

Skill      XL: |  1  2  3  4  5  6  7 |
---------------+----------------------+-----
Spellcasting   | 2 3 4 |  4.5
Dodging        | 2 |  2.4
Necromancy     | 5 6 |  6.7
Stealth        | 2 |  2.0
Short Blades   | 1 |  1.1
Fighting       | 1 |  1.2
Throwing       | 1 |  1.1

Action                   |  1- 3 |  4- 6 |  7- 9 || total
-------------------------+-------+-------+-------++-------
Melee: Unarmed           |     6 |       |       ||     6
       Dagger            |    42 |    32 |    26 ||   100
Throw: Stone             |    16 |    19 |       ||    35
       Dart              |       |     2 |     6 ||     8
 Cast: Pain              |    48 |    45 |    22 ||   115
       Animate Skeleton  |    16 |    18 |     8 ||    42
       Vampiric Draining |       |     6 |    14 ||    20
  Use: Scroll            |     5 |     5 |       ||    10
       Potion            |       |       |     5 ||     5
Armor: Robe              |     8 |    11 |     6 ||    25
       Skin              |       |       |    24 ||    24
Dodge: Dodged            |    22 |    42 |    25 ||    89
